 Dungeon Crawl Stone Soup version 0.19-a0-606-gee5277e (webtiles) character file.

47 markolepsija72 the Shooter (level 3, 0/29 HPs)
             Began as a Centaur Hunter on June 12, 2016.
             Killed from afar by Natasha (5 damage)
             ... with a magic dart
             ... on level 2 of the Dungeon.
             The game lasted 00:05:58 (1111 turns).

markolepsija72 the Shooter (Centaur Hunter)         Turns: 1111, Time: 00:05:59

Health: 0/29       AC:  5    Str: 14    XL:     3   Next: 48%
Magic:  3/3        EV:  9    Int: 10    God:
Gold:   38         SH:  0    Dex: 10    Spells: 0 memorised, 2 levels left

rFire  + . .     SeeInvis .     e - +0 spear (pierce)
rCold  + . .     Gourm    .     c - +1 leather armour
rNeg   . . .     Faith    .     (no shield)
rPois  +         Spirit   .     (no helmet)
rElec  +         Dismiss  .     (no cloak)
rCorr  +         Reflect  .     (no gloves)
SustAt .         Harm     .     (no barding)
MR     .....                    (no amulet)
Stlth  +.........               (no ring)
                                (no ring)

@: resistant (expiring), slowed, not resistant to hostile enchantments, very
unstealthy
A: hooves 3, deformed body, speed 2, tough skin 3
a: no special abilities


You were on level 2 of the Dungeon.
You were not hungry.

You visited 1 branch of the dungeon, and saw 2 of its levels.

You collected 38 gold pieces.

Inventory:

Hand Weapons
 a - a +1 shortbow
 e - a +0 spear of piercing (weapon)
Missiles
 d - 40 arrows
 h - 2 throwing nets (quivered)
Armour
 c - a +1 leather armour (worn)
Scrolls
 j - 3 scrolls of identify
Potions
 g - a potion of curing
Comestibles
 b - 3 meat rations
 f - 3 bread rations


   Skills:
 - Level 2.0 Fighting
 + Level 6.8 Bows
 - Level 0.2 Armour
 - Level 1.4 Dodging
 - Level 0.5 Stealth


You had 2 spell levels left.
You didn't know any spells.

Dungeon Overview and Level Annotations

Branches:
Dungeon (2/15)

Altars:

Annotations:
D:2 Natasha


Innate Abilities, Weirdness & Mutations

You have hooves in place of feet.
Armour fits poorly on your strangely shaped body.
You cover ground very quickly.
You have extremely tough skin. (AC +3)


Message History

Aim: Natasha (almost dead)
You shoot an arrow. The arrow barely misses Natasha.
The white imp hits you. The white imp freezes you. You resist.
Natasha claws you but does no damage.
Firing (i - inventory. (,) - cycle):
d - 41 arrows (quivered)
Press: ? - help, Shift-Dir - straight line, f/p - Natasha
Aim: Natasha (almost dead)
You shoot an arrow. The arrow barely misses Natasha.
You start to feel less resistant.
The white imp closely misses you. The crimson imp hits you. Natasha claws you!
* * * LOW HITPOINT WARNING * * *
The white imp hits you.
* * * LOW HITPOINT WARNING * * *
The white imp freezes you. You resist.
* * * LOW HITPOINT WARNING * * *
Wield which item (- for none, * to show all)? (? for menu, Esc to quit)
e - a +0 spear of piercing (weapon)
The crimson imp barely misses you.
Natasha stares at you and mumbles some strange words.
The magic dart hits you!
You die...

###########
###.........############
........###............#
###.###.##############.#
#......... #.#
#..####### #.# #..# #.#
#@5# #.# #.5h(((((# #.#
#.#..####.# #.# ...!...
#.# ... #...# # #.# ##.#
#...# .####.###.# ..
..... ........... .#
.#.... ....#.....
...###.#<#


You could see Natasha, a crimson imp and a white imp.

Vanquished Creatures
  2 oozes
  A dart slug (D:1)
  2 giant geckos (D:1)
  2 bats
  3 giant cockroaches
  3 goblins
  4 hobgoblins
  4 jackals (D:1)
  3 giant newts
  5 kobolds
  2 rats
31 creatures vanquished.

Notes
Turn   | Place    | Note
--------------------------------------------------------------
     0 | D:1      | markolepsija72 the Centaur Hunter began the quest for the Orb.
     0 | D:1      | Reached XP level 1. HP: 17/17 MP: 1/1
   178 | D:1      | Reached XP level 2. HP: 19/24 MP: 2/2
   204 | D:1      | Reached skill level 6 in Bows
   475 | D:1      | Reached XP level 3. HP: 29/29 MP: 3/3
  1102 | D:2      | Noticed Natasha
  1111 | D:2      | Killed from afar by Natasha

Vault maps used:
D:1:      onia_arrival_pentagram, supply_closet_lemuel
D:2:      first_bread, uniq_natasha

Skill      XL: |  1  2 |
---------------+-------+-----
Bows           | 6 |  6.8
Fighting       | |  2.0
Armour         | |  0.2
Dodging        | |  1.4
Stealth        | |  0.5

Action                   || total
-------------------------++-------
Melee: Spear             ||     9
       Kick              ||     3
 Fire: Shortbow          ||   113
  Use: Scroll            ||     6
       Potion            ||     5
Armor: Leather armour    ||    19
Dodge: Dodged            ||    22
